NASHVILLE vs PITTSBURGH

Created - Sunday, April 15, 2018 at 12:43

Goals
1 2 3 T
NASHVILLE 2 1 2 5
PITTSBURGH 1 0 1 2
Shots
1 2 3 T
NASHVILLE 21 6 10 37
PITTSBURGH 8 16 9 33

1st period

1. NASHVILLE , Rasmus Ristolainen 16 (Morgan Rielly 36, Oscar Lindberg 22) at 2:11 (PP)
2. PITTSBURGH , T.J. Galiardi 4 (Chris Higgins 20, John Moore 38) at 4:43
3. NASHVILLE , Dwight King 5 (Danny DeKeyser 23, Oscar Lindberg 23) at 7:19

Penalties :
Andrei Markov (PIT) for Slashing (Minor) at 0:48, Chris Wideman (PIT) for Cross-checking (Minor) at 5:15, John Moore (PIT) for Holding (Minor) at 9:27, Chris Wideman (PIT) for Holding (Minor) at 11:28, Zbynek Michalek (NSH) for Roughing (Minor) at 13:55

2nd period

4. NASHVILLE , Joseph Blandisi 6 (J.T. Compher 1, Vladislav Kamenev 1) at 5:09

Penalties :
Dwight King (NSH) for Elbowing (Minor) at 2:36, Zach Hyman (NSH) for Roughing (Minor) at 14:42

3rd period

5. NASHVILLE , Danny DeKeyser 12 (Jimmy Vesey 23, Oscar Lindberg 24) at 2:57 (PP)
6. NASHVILLE , Morgan Rielly 18 (Zach Hyman 14, Lars Eller 25) at 13:36 (PP)
7. PITTSBURGH , John Moore 14 (Henrik Zetterberg 35, Jack Eichel 37) at 16:30 (PP)

Penalties :
David Schlemko (PIT) for High sticking (Minor) at 1:05, Tyler Gaudet (PIT) for Hooking (Minor) at 10:12, David Schlemko (PIT) for Roughing (Minor) at 13:28, Niklas Kronwall (NSH) for Tripping (Minor) at 16:02

Goalie Stats

Petr Mrazek (NSH), 31 saves from 33 shots - (0.939), W, 4-3-3, 60:00 minutes
Michael Leighton (PIT), 32 saves from 37 shots - (0.865), L, 0-4-0, 60:00 minutes

Players Stats for NASHVILLE

Player Name              G  A  P  +/- PIM S  H  SB GA TA FO     MP     PP MP  PK MP  
------------------------------------------------------------------------------------
Alan Quine               0  0  0   0  0   1  2  0  0  0  1/3    20:56   5:35   0:13 
Brenden Dillon           0  0  0   1  0   0  2  1  0  0  0/0     9:49   0:00   0:00 
Connor Carrick           0  0  0   0  0   1  1  0  0  0  0/0     4:37   0:00   0:00 
Danny DeKeyser           1  1  2   0  0   3  1  0  0  0  0/0    20:10   4:07   2:36 
Dwight King              1  0  1  -1  2   5  1  0  0  0  2/4    16:20   4:59   0:00 
Hunter Shinkaruk         0  0  0   0  0   0  0  0  0  0  0/0     2:29   0:00   0:18 
J.T. Compher             0  1  1   2  0   1  0  0  0  0  1/1    15:46   0:00   0:00 
Jakub Kindl              0  0  0   1  0   0  0  1  0  0  0/0     9:49   0:00   0:00 
Jimmy Vesey              0  1  1  -1  0   3  0  0  0  0  1/1    18:10   4:59   1:49 
Joseph Blandisi          1  0  1   2  0   1  0  0  0  0  8/14   16:31   0:45   0:00 
Lars Eller               0  1  1   0  0   2  1  0  0  0  12/26  25:32   6:20   4:04 
Morgan Rielly            1  1  2   0  0   9  0  1  0  0  0/0    25:24   7:12   3:49 
Niklas Kronwall          0  0  0   0  2   1  1  2  0  0  0/0    20:09   4:07   2:36 
Oscar Lindberg           0  3  3  -1  0   4  0  0  0  0  21/36  20:24   4:59   4:03 
Rasmus Ristolainen       1  0  1   0  0   4  5  1  0  0  0/0    25:24   7:12   3:49 
Vladislav Kamenev        0  1  1   2  0   0  1  0  0  0  0/0    17:08   0:00   1:22 
Zach Hyman               0  1  1   0  2   2  3  0  0  0  0/2    20:17   6:20   1:01 
Zbynek Michalek          0  0  0   0  2   0  0  0  0  0  0/0     4:36   0:00   0:00 

Players Stats for PITTSBURGH

Player Name              G  A  P  +/- PIM S  H  SB GA TA FO     MP     PP MP  PK MP  
------------------------------------------------------------------------------------
A.J. Greer               0  0  0  -1  0   0  0  3  0  0  1/2    15:02   0:00   4:01 
Andrei Markov            0  0  0   0  2   1  1  0  0  0  0/0    22:31   2:10   5:58 
Brandon Pirri            0  0  0   0  0   2  0  0  0  0  0/0    13:56   0:00   0:00 
Brandon Tanev            0  0  0   1  0   0  4  0  0  0  1/8     9:15   0:00   0:00 
Chad Ruhwedel            0  0  0   0  0   0  0  0  0  0  0/0     5:20   2:18   0:20 
Chris Higgins            0  1  1   1  0   3  0  0  0  0  3/9    19:12   2:59   6:58 
Chris Thorburn           0  0  0   0  0   0  4  0  0  0  5/17   19:16   1:51   6:58 
Chris Wideman            0  0  0  -2  4   3  4  3  0  0  0/0    14:03   0:00   0:00 
Dave Bolland             0  0  0  -2  0   0  0  1  0  0  0/0     8:58   0:00   0:20 
David Schlemko           0  0  0   0  4   0  2  2  0  0  0/0    19:13   0:00   4:51 
Henrik Zetterberg        0  1  1   0  0   5  1  1  0  0  17/23  16:49   2:53   0:00 
Jack Eichel              0  1  1   0  0   5  2  1  0  0  2/5    21:43   3:26   4:21 
John Moore               1  1  2   1  2   3  0  2  0  0  0/0    20:01   4:40   4:17 
Liam O'Brien             0  0  0  -2  0   1  2  0  0  0  0/0     8:38   0:00   0:00 
Mark Barberio            0  0  0  -2  0   0  1  3  0  0  0/0    15:15   0:00   1:10 
Martin St. Louis         0  0  0   0  0   0  0  0  0  0  0/0     0:00   0:00   0:00 
Matt Greene              0  0  0   1  0   3  0  1  0  0  0/0    23:31   3:42   6:02 
Ryan Hartman             0  0  0   0  0   4  0  0  0  0  3/11   13:26   2:59   0:00 
T.J. Galiardi            1  0  1   1  0   2  1  0  0  0  0/0    11:23   2:08   0:00 
Tyler Gaudet             0  0  0  -1  2   1  0  0  0  0  9/12   11:02   2:59   0:00 

3 Stars

1 - Rasmus Ristolainen (NSH)
2 - Danny DeKeyser (NSH)
3 - Morgan Rielly (NSH)

Power Play

NASHVILLE - 3 on 7 Attempt(s) - 42.86%
PITTSBURGH - 1 on 4 Attempt(s) - 25.00%

Penalty Kill

NASHVILLE - 3 on 4 Attempt(s) - 75.00% - Score 0 goal in Penalty Kill
PITTSBURGH - 4 on 7 Attempt(s) - 57.14% - Score 0 goal in Penalty Kill

Team Stat

NASHVILLE - Hits : 18 - Faceoff Wins : 46 - Blocked Shots : 6 - Penalty Minutes : 8
PITTSBURGH - Hits : 22 - Faceoff Wins : 41 - Blocked Shots : 17 - Penalty Minutes : 14

Official

Referees : Unknown
Linesman : Unknown

Game Notes

No Game Note

Finance

Level 1 -- Attendance: 5406 (90.10%) -- Ticket Income $486,540
Level 2 -- Attendance: 4554 (91.08%) -- Ticket Income $264,132
Level 3 -- Attendance: 1945 (97.25%) -- Ticket Income $68,075
Level 4 -- Attendance: 4000 (100.00%) -- Ticket Income $68,000
Luxury Box -- Attendance: 888 (88.80%) -- Ticket Income $155,400
Game was played at the PPG Paints Arena.
Total Attendance: 16793 (93.29%)
Total Ticket Income: $1,042,147
Total Income: $1,042,147

NASHVILLE

5 vs 5 Forward 
   Center                   Left Wing                Right Wing               Time % Phy DF OF 
 1 Lars Eller               Zach Hyman               Alan Quine               35     1   2  2  
 2 Oscar Lindberg           Jimmy Vesey              Dwight King              30     1   2  2  
 3 Joseph Blandisi          Vladislav Kamenev        J.T. Compher             25     1   2  2  
 4 Alan Quine               Hunter Shinkaruk         Lars Eller               10     1   2  2  

5 vs 5 Defense 
   Defense                  Defense                                           Time % Phy DF OF 
 1 Rasmus Ristolainen       Morgan Rielly                                     35     1   2  2  
 2 Danny DeKeyser           Niklas Kronwall                                   30     1   2  2  
 3 Jakub Kindl              Brenden Dillon                                    25     1   2  2  
 4 Zbynek Michalek          Connor Carrick                                    10     1   2  2  

PowerPlay Forward 
   Center                   Left Wing                Right Wing               Time % Phy DF OF 
 1 Lars Eller               Zach Hyman               Alan Quine               60     1   2  2  
 2 Oscar Lindberg           Jimmy Vesey              Dwight King              40     1   2  2  

PowerPlay Defense
   Defense                  Defense                                           Time % Phy DF OF 
 1 Rasmus Ristolainen       Morgan Rielly                                     60     1   2  2  
 2 Danny DeKeyser           Niklas Kronwall                                   40     1   2  2  

Penalty Kill 4 Players Forward 
   Center                   Wing                     Time % Phy DF OF 
 1 Oscar Lindberg           Lars Eller               60     1   2  2  
 2 Zach Hyman               Jimmy Vesey              40     1   2  2  

Penalty Kill 4 Players Defense
   Defense                  Defense                  Time % Phy DF OF 
 1 Rasmus Ristolainen       Morgan Rielly            60     1   2  2  
 2 Danny DeKeyser           Niklas Kronwall          40     1   2  2  

Penalty Kill - 3 Players Forward 
   Forward                                           Time % Phy DF OF 
 1 Zach Hyman                                        60     1   2  2  
 2 Lars Eller                                        40     1   2  2  

Penalty Kill - 3 Players Defense
   Defense                  Defense                  Time % Phy DF OF 
 1 Rasmus Ristolainen       Morgan Rielly            60     1   2  2  
 2 Danny DeKeyser           Niklas Kronwall          40     1   2  2  

4 vs 4 Forward 
   Center                   Wing                     Time % Phy DF OF 
 1 Joseph Blandisi          Lars Eller               60     1   2  2  
 2 Zach Hyman               Jimmy Vesey              40     1   2  2  

4 vs 4 Defense
   Defense                  Defense                  Time % Phy DF OF 
 1 Rasmus Ristolainen       Morgan Rielly            60     1   2  2  
 2 Danny DeKeyser           Niklas Kronwall          40     1   2  2  

Last Minutes Offensive
   Center                   Left Wing                Right Wing               Defense                  Defense                  
   Lars Eller               Zach Hyman               Jimmy Vesey              Rasmus Ristolainen       Morgan Rielly            

Last Minutes Defensive
   Center                   Left Wing                Right Wing               Defense                  Defense                  
   Lars Eller               Zach Hyman               Jimmy Vesey              Rasmus Ristolainen       Morgan Rielly            

Goaltenders
Starting : Petr Mrazek              
Backup : Mike Smith               

Extra Forwards
Normal : Joseph Blandisi, Alan Quine, Vladislav Kamenev - PP : Joseph Blandisi, Alan Quine - PK : Vladislav Kamenev
Extra Defensemen
Normal : Jakub Kindl, Rasmus Ristolainen, Brenden Dillon - PP : Jakub Kindl - PK : Morgan Rielly, Brenden Dillon
Penalty Shots
Alan Quine, Lars Eller, Zach Hyman, Jimmy Vesey, Oscar Lindberg

Scratches
Clarke MacArthur (Healthy), Richard Panik (Healthy), Peter Holland (Healthy), NSH CAP HIT (Suspend)

PITTSBURGH

5 vs 5 Forward 
   Center                   Left Wing                Right Wing               Time % Phy DF OF 
 1 Henrik Zetterberg        Jack Eichel              Brandon Pirri            35     1   2  2  
 2 Ryan Hartman             Chris Thorburn           A.J. Greer               30     1   2  2  
 3 Brandon Tanev            T.J. Galiardi            Chris Higgins            25     1   2  2  
 4 Tyler Gaudet             Liam O'Brien             Dave Bolland             10     1   2  2  

5 vs 5 Defense 
   Defense                  Defense                                           Time % Phy DF OF 
 1 John Moore               Matt Greene                                       35     1   2  2  
 2 Andrei Markov            David Schlemko                                    30     1   2  2  
 3 Mark Barberio            Chris Wideman                                     25     1   2  2  
 4 Chad Ruhwedel            Matt Greene                                       10     1   2  2  

PowerPlay Forward 
   Center                   Left Wing                Right Wing               Time % Phy DF OF 
 1 Henrik Zetterberg        Jack Eichel              Chris Thorburn           60     1   2  2  
 2 Chris Higgins            Tyler Gaudet             Ryan Hartman             40     1   2  2  

PowerPlay Defense
   Defense                  Defense                                           Time % Phy DF OF 
 1 John Moore               Matt Greene                                       60     1   2  2  
 2 Andrei Markov            Chad Ruhwedel                                     40     1   2  2  

Penalty Kill 4 Players Forward 
   Center                   Wing                     Time % Phy DF OF 
 1 Chris Thorburn           Chris Higgins            60     1   2  2  
 2 Jack Eichel              A.J. Greer               40     1   2  2  

Penalty Kill 4 Players Defense
   Defense                  Defense                  Time % Phy DF OF 
 1 John Moore               Matt Greene              60     1   2  2  
 2 David Schlemko           Andrei Markov            40     1   2  2  

Penalty Kill - 3 Players Forward 
   Forward                                           Time % Phy DF OF 
 1 Chris Higgins                                     60     1   2  2  
 2 Jack Eichel                                       40     1   2  2  

Penalty Kill - 3 Players Defense
   Defense                  Defense                  Time % Phy DF OF 
 1 John Moore               Matt Greene              60     1   2  2  
 2 Chris Wideman            Mark Barberio            40     1   2  2  

4 vs 4 Forward 
   Center                   Wing                     Time % Phy DF OF 
 1 Chris Higgins            A.J. Greer               60     1   2  2  
 2 Henrik Zetterberg        Jack Eichel              40     1   2  2  

4 vs 4 Defense
   Defense                  Defense                  Time % Phy DF OF 
 1 John Moore               Matt Greene              60     1   2  2  
 2 Mark Barberio            David Schlemko           40     1   2  2  

Last Minutes Offensive
   Center                   Left Wing                Right Wing               Defense                  Defense                  
   Henrik Zetterberg        Jack Eichel              Brandon Pirri            John Moore               Matt Greene              

Last Minutes Defensive
   Center                   Left Wing                Right Wing               Defense                  Defense                  
   Henrik Zetterberg        Jack Eichel              Brandon Pirri            John Moore               Matt Greene              

Goaltenders
Starting : Michael Leighton         
Backup : Semyon Varlamov          

Extra Forwards
Normal : Chris Higgins, Chris Thorburn, A.J. Greer - PP : T.J. Galiardi, Brandon Tanev - PK : Chris Higgins
Extra Defensemen
Normal : John Moore, Matt Greene, Chris Wideman - PP : John Moore - PK : John Moore, Matt Greene
Penalty Shots
Chris Thorburn, A.J. Greer, Chris Higgins, T.J. Galiardi, Tyler Gaudet

Scratches
PIT CAP HIT (Suspend), Jaroslav Halak (Suspend)

% Time on Ice - NASHVILLE

Lines # - Real PCT - Wanted PCT - Time Play
Normal Forward
1 - 31% - 35% - 12:57
2 - 27% - 30% - 11:22
3 - 37% - 25% - 15:46
4 - 5% - 10% - 2:11
Normal Defense
1 - 34% - 35% - 14:23
2 - 32% - 30% - 13:27
3 - 23% - 25% - 9:49
4 - 11% - 10% - 4:37
PP Forward
1 - 56% - 60% - 6:20
2 - 44% - 40% - 4:59
PP Defense
1 - 64% - 60% - 7:12
2 - 36% - 40% - 4:07
PK Forward
1 - 72% - 60% - 4:36
2 - 28% - 40% - 1:49
PK Defense
1 - 59% - 60% - 3:49
2 - 41% - 40% - 2:36
PK3 Forward
1 - 0% - 60%
2 - 0% - 40%
PK3 Defense
1 - 0% - 60%
2 - 0% - 40%
44 Forward
1 - 0% - 60%
2 - 0% - 40%
44 Defense
1 - 0% - 60%
2 - 0% - 40%
Last Minute Offensive  - 0:00
Last Minute Defensive  - 0:00
Total
Forward - 60:00
Defense - 60:00

% Time on Ice - PITTSBURGH

Lines # - Real PCT - Wanted PCT - Time Play
Normal Forward
1 - 33% - 35% - 13:56
2 - 25% - 30% - 10:27
3 - 22% - 25% - 9:15
4 - 20% - 10% - 8:38
Normal Defense
1 - 26% - 35% - 11:05
2 - 34% - 30% - 14:24
3 - 33% - 25% - 14:05
4 - 6% - 10% - 2:42
PP Forward
1 - 54% - 60% - 3:26
2 - 46% - 40% - 2:59
PP Defense
1 - 64% - 60% - 4:07
2 - 36% - 40% - 2:18
PK Forward
1 - 65% - 60% - 7:18
2 - 35% - 40% - 4:01
PK Defense
1 - 44% - 60% - 5:02
2 - 56% - 40% - 6:17
PK3 Forward
1 - 0% - 60%
2 - 0% - 40%
PK3 Defense
1 - 0% - 60%
2 - 0% - 40%
44 Forward
1 - 0% - 60%
2 - 0% - 40%
44 Defense
1 - 0% - 60%
2 - 0% - 40%
Last Minute Offensive  - 0:00
Last Minute Defensive  - 0:00
Total
Forward - 60:00
Defense - 60:00

Play-by-Play

1st period


0:01 of 1st period - Henrik Zetterberg wins face-off versus Lars Eller in neutral zone.
0:15 of 1st period - Matt Greene is hit by Rasmus Ristolainen and loses puck.
0:43 of 1st period - Off-side.
0:44 of 1st period - Oscar Lindberg wins face-off versus Ryan Hartman in neutral zone.
0:46 of 1st period - Jimmy Vesey is hit by Andrei Markov and loses puck.
0:48 of 1st period - Minor Penalty to Andrei Markov for Slashing.
0:49 of 1st period - Jimmy Vesey wins face-off versus Chris Thorburn in PITTSBURGH zone.
1:12 of 1st period - Shot by Danny DeKeyser.
1:12 of 1st period - Shot Misses the Net.
1:53 of 1st period - Shot by Morgan Rielly.
1:53 of 1st period - Stopped by Michael Leighton without a rebound.
1:54 of 1st period - Lars Eller wins face-off versus A.J. Greer in PITTSBURGH zone.
2:05 of 1st period - Shot by Morgan Rielly.
2:05 of 1st period - Stopped by Michael Leighton without a rebound.
2:06 of 1st period - Oscar Lindberg wins face-off versus Jack Eichel in PITTSBURGH zone.
2:11 of 1st period - Shot by Rasmus Ristolainen.
2:11 of 1st period - Goal by Rasmus Ristolainen - NASHVILLE : 1 - PITTSBURGH : 0.
2:12 of 1st period - Tyler Gaudet wins face-off versus Joseph Blandisi in neutral zone.
2:45 of 1st period - Shot by J.T. Compher.
2:45 of 1st period - Deflect By Joseph Blandisi.
2:45 of 1st period - Shot Blocked by Chris Wideman.
2:47 of 1st period - Shot by Danny DeKeyser.
2:47 of 1st period - Shot Blocked by Chris Wideman.
3:15 of 1st period - Shot by Jimmy Vesey.
3:15 of 1st period - Shot Blocked by Mark Barberio.
3:17 of 1st period - Shot by Oscar Lindberg.
3:17 of 1st period - Shot Misses the Net.
3:19 of 1st period - Shot by Oscar Lindberg.
3:19 of 1st period - Stopped by Michael Leighton without a rebound.
3:20 of 1st period - Lars Eller wins face-off versus Ryan Hartman in PITTSBURGH zone.
3:23 of 1st period - Shot by Zach Hyman.
3:23 of 1st period - Stopped by Michael Leighton without a rebound.
3:24 of 1st period - Ryan Hartman wins face-off versus Lars Eller in PITTSBURGH zone.
4:03 of 1st period - Shot by Lars Eller.
4:03 of 1st period - Shot Blocked by A.J. Greer.
4:41 of 1st period - Shot by Chris Higgins.
4:41 of 1st period - Shot Blocked by Brenden Dillon.
4:43 of 1st period - Shot by T.J. Galiardi.
4:43 of 1st period - Goal by T.J. Galiardi - NASHVILLE : 1 - PITTSBURGH : 1.
4:44 of 1st period - Henrik Zetterberg wins face-off versus Joseph Blandisi in neutral zone.
4:46 of 1st period - Brandon Pirri is hit by Niklas Kronwall and loses puck.
5:00 of 1st period - Icing by Matt Greene.
5:01 of 1st period - Henrik Zetterberg wins face-off versus Alan Quine in PITTSBURGH zone.
5:08 of 1st period - Shot by Henrik Zetterberg.
5:08 of 1st period - Stopped by Petr Mrazek without a rebound.
5:09 of 1st period - Brandon Tanev wins face-off versus Oscar Lindberg in NASHVILLE zone.
5:15 of 1st period - Minor Penalty to Chris Wideman for Cross-checking.
5:16 of 1st period - Lars Eller wins face-off versus Chris Thorburn in PITTSBURGH zone.
5:35 of 1st period - Shot by Morgan Rielly.
5:35 of 1st period - Stopped by Michael Leighton without a rebound.
5:36 of 1st period - Oscar Lindberg wins face-off versus Jack Eichel in PITTSBURGH zone.
5:39 of 1st period - Shot by Niklas Kronwall.
5:39 of 1st period - Shot Blocked by John Moore.
5:43 of 1st period - Shot by Danny DeKeyser.
5:43 of 1st period - Shot Misses the Net.
5:45 of 1st period - Shot by Niklas Kronwall.
5:45 of 1st period - Shot Misses the Net.
5:47 of 1st period - Shot by Danny DeKeyser.
5:47 of 1st period - Stopped by Michael Leighton without a rebound.
5:48 of 1st period - Chris Thorburn wins face-off versus Lars Eller in PITTSBURGH zone.
6:51 of 1st period - Shot by Niklas Kronwall.
6:51 of 1st period - Shot Blocked by David Schlemko.
6:53 of 1st period - Shot by Jimmy Vesey.
6:53 of 1st period - Deflect By Oscar Lindberg.
6:53 of 1st period - Shot Misses the Net.
6:55 of 1st period - Shot by Dwight King.
6:55 of 1st period - Stopped by Michael Leighton with a rebound.
6:57 of 1st period - Shot by Danny DeKeyser.
6:57 of 1st period - Shot Misses the Net.
7:03 of 1st period - Shot by Jimmy Vesey.
7:03 of 1st period - Stopped by Michael Leighton with a rebound.
7:07 of 1st period - Shot by Danny DeKeyser.
7:07 of 1st period - Shot Misses the Net.
7:19 of 1st period - Shot by Dwight King.
7:19 of 1st period - Goal by Dwight King - NASHVILLE : 2 - PITTSBURGH : 1.
7:20 of 1st period - Tyler Gaudet wins face-off versus Joseph Blandisi in neutral zone.
7:22 of 1st period - Mark Barberio is hit by Vladislav Kamenev and loses puck.
7:27 of 1st period - Shot by J.T. Compher.
7:27 of 1st period - Shot Misses the Net.
7:29 of 1st period - Shot by Brenden Dillon.
7:29 of 1st period - Shot Misses the Net.
7:31 of 1st period - Shot by Brenden Dillon.
7:31 of 1st period - Shot Blocked by Mark Barberio.
8:24 of 1st period - David Schlemko is hit by Danny DeKeyser and loses puck.
9:18 of 1st period - Off-side.
9:19 of 1st period - Alan Quine wins face-off versus Brandon Tanev in neutral zone.
9:27 of 1st period - Minor Penalty to John Moore for Holding.
9:28 of 1st period - Chris Higgins wins face-off versus Lars Eller in PITTSBURGH zone.
9:28 of 1st period - Chris Higgins is hit by Zach Hyman.
9:40 of 1st period - Shot by Rasmus Ristolainen.
9:40 of 1st period - Shot Misses the Net.
9:42 of 1st period - Shot by Alan Quine.
9:42 of 1st period - Stopped by Michael Leighton without a rebound.
9:43 of 1st period - Lars Eller wins face-off versus Chris Thorburn in PITTSBURGH zone.
9:46 of 1st period - Shot by Rasmus Ristolainen.
9:46 of 1st period - Shot Blocked by Matt Greene.
9:48 of 1st period - Shot by Morgan Rielly.
9:48 of 1st period - Stopped by Michael Leighton without a rebound.
9:49 of 1st period - Chris Thorburn wins face-off versus Lars Eller in PITTSBURGH zone.
9:55 of 1st period - Icing by Rasmus Ristolainen.
9:56 of 1st period - Lars Eller wins face-off versus Chris Thorburn in NASHVILLE zone.
10:25 of 1st period - Shot by Lars Eller.
10:25 of 1st period - Stopped by Michael Leighton without a rebound.
10:26 of 1st period - Oscar Lindberg wins face-off versus Chris Thorburn in PITTSBURGH zone.
10:29 of 1st period - Shot by Oscar Lindberg.
10:29 of 1st period - Shot Hit the Post.
10:31 of 1st period - Shot by Danny DeKeyser.
10:31 of 1st period - Stopped by Michael Leighton without a rebound.
10:32 of 1st period - Oscar Lindberg wins face-off versus Chris Thorburn in PITTSBURGH zone.
10:37 of 1st period - Shot by Oscar Lindberg.
10:37 of 1st period - Stopped by Michael Leighton without a rebound.
10:38 of 1st period - Oscar Lindberg wins face-off versus Chris Thorburn in PITTSBURGH zone.
10:43 of 1st period - Shot by Morgan Rielly.
10:43 of 1st period - Stopped by Michael Leighton without a rebound.
10:44 of 1st period - Chris Thorburn wins face-off versus Lars Eller in PITTSBURGH zone.
11:19 of 1st period - Shot by Rasmus Ristolainen.
11:19 of 1st period - Shot Blocked by Jack Eichel.
11:21 of 1st period - Shot by Rasmus Ristolainen.
11:21 of 1st period - Stopped by Michael Leighton without a rebound.
11:22 of 1st period - Oscar Lindberg wins face-off versus Chris Higgins in PITTSBURGH zone.
11:28 of 1st period - Minor Penalty to Chris Wideman for Holding.
11:29 of 1st period - Oscar Lindberg wins face-off versus Chris Thorburn in PITTSBURGH zone.
11:32 of 1st period - Shot by Dwight King.
11:32 of 1st period - Stopped by Michael Leighton without a rebound.
11:33 of 1st period - Oscar Lindberg wins face-off versus Chris Thorburn in PITTSBURGH zone.
11:40 of 1st period - Shot by Oscar Lindberg.
11:40 of 1st period - Stopped by Michael Leighton without a rebound.
11:41 of 1st period - Lars Eller wins face-off versus Chris Thorburn in PITTSBURGH zone.
11:56 of 1st period - A.J. Greer is hit by Lars Eller and loses puck.
13:34 of 1st period - Shot by Henrik Zetterberg.
13:34 of 1st period - Shot Blocked by Jakub Kindl.
13:47 of 1st period - Jack Eichel is hit by Brenden Dillon and loses puck.
13:50 of 1st period - Shot by Jack Eichel.
13:50 of 1st period - Stopped by Petr Mrazek without a rebound.
13:51 of 1st period - Tyler Gaudet wins face-off versus Alan Quine in NASHVILLE zone.
13:55 of 1st period - Minor Penalty to Zbynek Michalek for Roughing.
13:56 of 1st period - Oscar Lindberg wins face-off versus Ryan Hartman in NASHVILLE zone.
14:11 of 1st period - Shot by John Moore.
14:11 of 1st period - Stopped by Petr Mrazek without a rebound.
14:12 of 1st period - Oscar Lindberg wins face-off versus Henrik Zetterberg in NASHVILLE zone.
15:10 of 1st period - Shot by Ryan Hartman.
15:10 of 1st period - Stopped by Petr Mrazek without a rebound.
15:11 of 1st period - Chris Higgins wins face-off versus Zach Hyman in NASHVILLE zone.
15:37 of 1st period - Shot by Ryan Hartman.
15:37 of 1st period - Stopped by Petr Mrazek without a rebound.
15:38 of 1st period - Jack Eichel wins face-off versus Zach Hyman in NASHVILLE zone.
15:41 of 1st period - Shot by Jack Eichel.
15:41 of 1st period - Stopped by Petr Mrazek without a rebound.
15:42 of 1st period - Henrik Zetterberg wins face-off versus Oscar Lindberg in NASHVILLE zone.
15:49 of 1st period - Shot by Jack Eichel.
15:49 of 1st period - Shot Hit the Post.
15:51 of 1st period - Shot by Jack Eichel.
15:51 of 1st period - Shot Misses the Net.
15:53 of 1st period - Shot by Matt Greene.
15:53 of 1st period - Shot Blocked by Niklas Kronwall.
15:55 of 1st period - Shot by Henrik Zetterberg.
15:55 of 1st period - Shot Misses the Net.
16:00 of 1st period - Morgan Rielly is hit by Chris Wideman and loses puck.
16:21 of 1st period - Shot by Joseph Blandisi.
16:21 of 1st period - Shot Misses the Net.
16:42 of 1st period - Icing by Mark Barberio.
16:43 of 1st period - Tyler Gaudet wins face-off versus Oscar Lindberg in PITTSBURGH zone.
18:04 of 1st period - Brandon Tanev is hit by Alan Quine and loses puck.
18:36 of 1st period - Shot by Rasmus Ristolainen.
18:36 of 1st period - Stopped by Michael Leighton without a rebound.
18:37 of 1st period - Oscar Lindberg wins face-off versus Henrik Zetterberg in PITTSBURGH zone.
18:42 of 1st period - Shot by Jimmy Vesey.
18:42 of 1st period - Stopped by Michael Leighton without a rebound.
18:43 of 1st period - Henrik Zetterberg wins face-off versus Oscar Lindberg in PITTSBURGH zone.
18:59 of 1st period - Shot by Henrik Zetterberg.
18:59 of 1st period - Stopped by Petr Mrazek without a rebound.
19:00 of 1st period - Tyler Gaudet wins face-off versus Lars Eller in NASHVILLE zone.
19:00 of 1st period - Tyler Gaudet is hit by Rasmus Ristolainen.
19:02 of 1st period - Shot by John Moore.
19:02 of 1st period - Shot Misses the Net.
19:22 of 1st period - Matt Greene is hit by Zach Hyman and loses puck.
19:50 of 1st period - Off-side.
19:51 of 1st period - Henrik Zetterberg wins face-off versus Oscar Lindberg in neutral zone.
Goals for this period are 2 for NASHVILLE vs 1 for PITTSBURGH.
Shots for this period are 21 for NASHVILLE vs 8 for PITTSBURGH.

2nd period


0:01 of 2nd period - Ryan Hartman wins face-off versus Lars Eller in neutral zone.
0:11 of 2nd period - Shot by Matt Greene.
0:11 of 2nd period - Shot Blocked by Morgan Rielly.
0:13 of 2nd period - Shot by Matt Greene.
0:13 of 2nd period - Stopped by Petr Mrazek without a rebound.
0:14 of 2nd period - Henrik Zetterberg wins face-off versus Dwight King in NASHVILLE zone.
1:06 of 2nd period - Jack Eichel is hit by Rasmus Ristolainen and loses puck.
2:17 of 2nd period - Shot by Vladislav Kamenev.
2:17 of 2nd period - Shot Misses the Net.
2:36 of 2nd period - Minor Penalty to Dwight King for Elbowing.
2:37 of 2nd period - Tyler Gaudet wins face-off versus Oscar Lindberg in NASHVILLE zone.
2:40 of 2nd period - Shot by Ryan Hartman.
2:40 of 2nd period - Stopped by Petr Mrazek without a rebound.
2:41 of 2nd period - Oscar Lindberg wins face-off versus Chris Higgins in NASHVILLE zone.
2:47 of 2nd period - Icing by Matt Greene.
2:48 of 2nd period - Oscar Lindberg wins face-off versus Chris Higgins in PITTSBURGH zone.
2:59 of 2nd period - Shot by Chris Higgins.
2:59 of 2nd period - Stopped by Petr Mrazek without a rebound.
3:00 of 2nd period - Chris Higgins wins face-off versus Oscar Lindberg in NASHVILLE zone.
3:10 of 2nd period - Shot by Chris Higgins.
3:10 of 2nd period - Stopped by Petr Mrazek without a rebound.
3:11 of 2nd period - Oscar Lindberg wins face-off versus Tyler Gaudet in NASHVILLE zone.
3:24 of 2nd period - Shot by John Moore.
3:24 of 2nd period - Shot Misses the Net.
3:36 of 2nd period - Shot by John Moore.
3:36 of 2nd period - Shot Misses the Net.
4:06 of 2nd period - Shot by Chad Ruhwedel.
4:06 of 2nd period - Shot Misses the Net.
4:53 of 2nd period - Shot by Mark Barberio.
4:53 of 2nd period - Shot Misses the Net.
5:09 of 2nd period - Shot by Joseph Blandisi.
5:09 of 2nd period - Goal by Joseph Blandisi - NASHVILLE : 3 - PITTSBURGH : 1.
5:10 of 2nd period - Lars Eller wins face-off versus Brandon Tanev in neutral zone.
5:22 of 2nd period - Shot by T.J. Galiardi.
5:22 of 2nd period - Stopped by Petr Mrazek without a rebound.
5:23 of 2nd period - Oscar Lindberg wins face-off versus Ryan Hartman in NASHVILLE zone.
5:41 of 2nd period - Chris Thorburn is hit by Dwight King and loses puck.
5:47 of 2nd period - Jimmy Vesey is hit by David Schlemko and loses puck.
6:18 of 2nd period - Shot by Chris Higgins.
6:18 of 2nd period - Stopped by Petr Mrazek without a rebound.
6:19 of 2nd period - Henrik Zetterberg wins face-off versus Lars Eller in NASHVILLE zone.
6:36 of 2nd period - Shot by Henrik Zetterberg.
6:36 of 2nd period - Deflect By Jack Eichel.
6:36 of 2nd period - Stopped by Petr Mrazek with a rebound.
6:38 of 2nd period - Shot by Jack Eichel.
6:38 of 2nd period - Shot Misses the Net.
6:40 of 2nd period - Shot by Matt Greene.
6:40 of 2nd period - Stopped by Petr Mrazek without a rebound.
6:41 of 2nd period - Joseph Blandisi wins face-off versus Brandon Tanev in NASHVILLE zone.
6:41 of 2nd period - Joseph Blandisi is hit by Brandon Tanev.
6:57 of 2nd period - Shot by Vladislav Kamenev.
6:57 of 2nd period - Shot Blocked by Chris Wideman.
7:50 of 2nd period - Shot by Zach Hyman.
7:50 of 2nd period - Shot Blocked by Henrik Zetterberg.
7:52 of 2nd period - Shot by Niklas Kronwall.
7:52 of 2nd period - Stopped by Michael Leighton without a rebound.
7:53 of 2nd period - Dwight King wins face-off versus Ryan Hartman in PITTSBURGH zone.
7:58 of 2nd period - Shot by Oscar Lindberg.
7:58 of 2nd period - Shot Blocked by A.J. Greer.
8:23 of 2nd period - Andrei Markov is hit by Connor Carrick and loses puck.
8:51 of 2nd period - Icing by Connor Carrick.
8:52 of 2nd period - Henrik Zetterberg wins face-off versus Oscar Lindberg in NASHVILLE zone.
8:53 of 2nd period - Shot by Jack Eichel.
8:53 of 2nd period - Deflect By Brandon Pirri.
8:53 of 2nd period - Stopped by Petr Mrazek with a rebound.
9:53 of 2nd period - Shot by Lars Eller.
9:53 of 2nd period - Shot Misses the Net.
9:56 of 2nd period - Zach Hyman is hit by Chris Wideman and loses puck.
10:11 of 2nd period - Shot by Chris Wideman.
10:11 of 2nd period - Stopped by Petr Mrazek without a rebound.
10:12 of 2nd period - Tyler Gaudet wins face-off versus Joseph Blandisi in NASHVILLE zone.
12:03 of 2nd period - Rasmus Ristolainen is hit by Chris Thorburn and loses puck.
12:23 of 2nd period - Ryan Hartman is hit by Rasmus Ristolainen and loses puck.
13:51 of 2nd period - Off-side.
13:52 of 2nd period - Tyler Gaudet wins face-off versus Lars Eller in neutral zone.
14:42 of 2nd period - Minor Penalty to Zach Hyman for Roughing.
14:43 of 2nd period - Henrik Zetterberg wins face-off versus Oscar Lindberg in NASHVILLE zone.
14:46 of 2nd period - Shot by Henrik Zetterberg.
14:46 of 2nd period - Stopped by Petr Mrazek without a rebound.
14:47 of 2nd period - Henrik Zetterberg wins face-off versus Oscar Lindberg in NASHVILLE zone.
14:48 of 2nd period - Shot by Jack Eichel.
14:48 of 2nd period - Stopped by Petr Mrazek without a rebound.
14:49 of 2nd period - Oscar Lindberg wins face-off versus Henrik Zetterberg in NASHVILLE zone.
16:00 of 2nd period - Shot by Ryan Hartman.
16:00 of 2nd period - Stopped by Petr Mrazek without a rebound.
16:01 of 2nd period - Henrik Zetterberg wins face-off versus Oscar Lindberg in NASHVILLE zone.
16:14 of 2nd period - Off-side.
16:15 of 2nd period - Oscar Lindberg wins face-off versus Chris Higgins in neutral zone.
16:22 of 2nd period - Shot by Lars Eller.
16:22 of 2nd period - Stopped by Michael Leighton without a rebound.
16:23 of 2nd period - Henrik Zetterberg wins face-off versus Oscar Lindberg in PITTSBURGH zone.
16:46 of 2nd period - Shot by Tyler Gaudet.
16:46 of 2nd period - Stopped by Petr Mrazek with a rebound.
16:48 of 2nd period - Shot by Chris Wideman.
16:48 of 2nd period - Stopped by Petr Mrazek without a rebound.
16:49 of 2nd period - Joseph Blandisi wins face-off versus Brandon Tanev in NASHVILLE zone.
16:49 of 2nd period - Joseph Blandisi is hit by Brandon Tanev.
17:09 of 2nd period - Vladislav Kamenev is hit by Chris Wideman and loses puck.
17:50 of 2nd period - Niklas Kronwall is hit by Jack Eichel and loses puck.
17:57 of 2nd period - Shot by Jack Eichel.
17:57 of 2nd period - Deflect By Henrik Zetterberg.
17:57 of 2nd period - Stopped by Petr Mrazek with a rebound.
18:45 of 2nd period - Andrei Markov is hit by Brenden Dillon and loses puck.
19:08 of 2nd period - Shot by Jimmy Vesey.
19:08 of 2nd period - Shot Blocked by David Schlemko.
19:10 of 2nd period - Shot by Brenden Dillon.
19:10 of 2nd period - Shot Blocked by A.J. Greer.
19:12 of 2nd period - Shot by Oscar Lindberg.
19:12 of 2nd period - Shot Misses the Net.
19:14 of 2nd period - Shot by Dwight King.
19:14 of 2nd period - Stopped by Michael Leighton with a rebound.
19:16 of 2nd period - Shot by Oscar Lindberg.
19:16 of 2nd period - Stopped by Michael Leighton with a rebound.
19:18 of 2nd period - Shot by Brenden Dillon.
19:18 of 2nd period - Shot Misses the Net.
19:30 of 2nd period - Shot by J.T. Compher.
19:30 of 2nd period - Stopped by Michael Leighton without a rebound.
19:31 of 2nd period - Joseph Blandisi wins face-off versus Brandon Tanev in PITTSBURGH zone.
Goals for this period are 1 for NASHVILLE vs 0 for PITTSBURGH.
Shots for this period are 6 for NASHVILLE vs 16 for PITTSBURGH.

3rd period


0:01 of 3rd period - Henrik Zetterberg wins face-off versus Lars Eller in neutral zone.
0:59 of 3rd period - Rasmus Ristolainen is hit by Chris Thorburn and loses puck.
1:05 of 3rd period - Minor Penalty to David Schlemko for High sticking.
1:06 of 3rd period - Chris Thorburn wins face-off versus Oscar Lindberg in PITTSBURGH zone.
2:55 of 3rd period - Shot by Oscar Lindberg.
2:55 of 3rd period - Deflect By Jimmy Vesey.
2:55 of 3rd period - Shot Blocked by Dave Bolland.
2:57 of 3rd period - Shot by Danny DeKeyser.
2:57 of 3rd period - Goal by Danny DeKeyser - NASHVILLE : 4 - PITTSBURGH : 1.
2:58 of 3rd period - Joseph Blandisi wins face-off versus Tyler Gaudet in neutral zone.
2:58 of 3rd period - Brenden Dillon is hit by Liam O'Brien and loses puck.
3:03 of 3rd period - Joseph Blandisi is hit by Liam O'Brien and loses puck.
3:10 of 3rd period - Shot by Liam O'Brien.
3:10 of 3rd period - Stopped by Petr Mrazek without a rebound.
3:11 of 3rd period - J.T. Compher wins face-off versus Brandon Tanev in NASHVILLE zone.
3:32 of 3rd period - Zbynek Michalek is hit by Brandon Tanev and loses puck.
4:02 of 3rd period - Shot by Jack Eichel.
4:02 of 3rd period - Stopped by Petr Mrazek without a rebound.
4:03 of 3rd period - Lars Eller wins face-off versus Ryan Hartman in NASHVILLE zone.
4:03 of 3rd period - Niklas Kronwall is hit by Chris Thorburn and loses puck.
4:32 of 3rd period - Shot by Chris Wideman.
4:32 of 3rd period - Shot Misses the Net.
6:53 of 3rd period - Hunter Shinkaruk is hit by Chris Wideman.
7:22 of 3rd period - Shot by Oscar Lindberg.
7:22 of 3rd period - Shot Misses the Net.
7:24 of 3rd period - Shot by Dwight King.
7:24 of 3rd period - Shot Blocked by Mark Barberio.
7:26 of 3rd period - Shot by Dwight King.
7:26 of 3rd period - Stopped by Michael Leighton without a rebound.
7:27 of 3rd period - Lars Eller wins face-off versus Ryan Hartman in PITTSBURGH zone.
8:18 of 3rd period - Niklas Kronwall is hit by Chris Thorburn.
8:23 of 3rd period - Icing by Niklas Kronwall.
8:24 of 3rd period - Joseph Blandisi wins face-off versus Henrik Zetterberg in NASHVILLE zone.
8:24 of 3rd period - Joseph Blandisi is hit by Jack Eichel.
9:30 of 3rd period - Danny DeKeyser is hit by Brandon Tanev and loses puck.
9:39 of 3rd period - Shot by Brandon Tanev.
9:39 of 3rd period - Shot Blocked by Niklas Kronwall.
9:46 of 3rd period - J.T. Compher is hit by Mark Barberio and loses puck.
9:57 of 3rd period - J.T. Compher is hit by T.J. Galiardi and loses puck.
10:12 of 3rd period - Minor Penalty to Tyler Gaudet for Hooking.
10:13 of 3rd period - Dwight King wins face-off versus Chris Higgins in PITTSBURGH zone.
10:22 of 3rd period - Shot by Morgan Rielly.
10:22 of 3rd period - Stopped by Michael Leighton without a rebound.
10:23 of 3rd period - Chris Thorburn wins face-off versus Lars Eller in PITTSBURGH zone.
10:23 of 3rd period - Chris Thorburn is hit by Alan Quine.
10:39 of 3rd period - Icing by Rasmus Ristolainen.
10:40 of 3rd period - Lars Eller wins face-off versus Chris Thorburn in NASHVILLE zone.
10:59 of 3rd period - Shot by Morgan Rielly.
10:59 of 3rd period - Shot Misses the Net.
11:15 of 3rd period - Shot by Rasmus Ristolainen.
11:15 of 3rd period - Stopped by Michael Leighton without a rebound.
11:16 of 3rd period - Oscar Lindberg wins face-off versus Jack Eichel in PITTSBURGH zone.
11:28 of 3rd period - Icing by Dwight King.
11:29 of 3rd period - Jack Eichel wins face-off versus Oscar Lindberg in NASHVILLE zone.
11:38 of 3rd period - Shot by Morgan Rielly.
11:38 of 3rd period - Shot Misses the Net.
11:48 of 3rd period - Shot by Morgan Rielly.
11:48 of 3rd period - Shot Misses the Net.
11:50 of 3rd period - Shot by Rasmus Ristolainen.
11:50 of 3rd period - Shot Misses the Net.
12:57 of 3rd period - Icing by Connor Carrick.
12:58 of 3rd period - Henrik Zetterberg wins face-off versus Oscar Lindberg in NASHVILLE zone.
13:09 of 3rd period - Shot by Jimmy Vesey.
13:09 of 3rd period - Shot Misses the Net.
13:11 of 3rd period - Shot by Dwight King.
13:11 of 3rd period - Shot Misses the Net.
13:13 of 3rd period - Shot by Dwight King.
13:13 of 3rd period - Deflect By Jimmy Vesey.
13:13 of 3rd period - Shot Misses the Net.
13:15 of 3rd period - Shot by Jimmy Vesey.
13:15 of 3rd period - Stopped by Michael Leighton with a rebound.
13:17 of 3rd period - Shot by Connor Carrick.
13:17 of 3rd period - Stopped by Michael Leighton without a rebound.
13:18 of 3rd period - Joseph Blandisi wins face-off versus Ryan Hartman in PITTSBURGH zone.
13:28 of 3rd period - Minor Penalty to David Schlemko for Roughing.
13:29 of 3rd period - Lars Eller wins face-off versus Chris Thorburn in PITTSBURGH zone.
13:30 of 3rd period - Shot by Morgan Rielly.
13:30 of 3rd period - Stopped by Michael Leighton with a rebound.
13:32 of 3rd period - Shot by Zach Hyman.
13:32 of 3rd period - Deflect By Lars Eller.
13:32 of 3rd period - Shot Misses the Net.
13:34 of 3rd period - Shot by Lars Eller.
13:34 of 3rd period - Deflect By Zach Hyman.
13:34 of 3rd period - Stopped by Michael Leighton with a rebound.
13:36 of 3rd period - Shot by Morgan Rielly.
13:36 of 3rd period - Goal by Morgan Rielly - NASHVILLE : 5 - PITTSBURGH : 1.
13:37 of 3rd period - Henrik Zetterberg wins face-off versus Joseph Blandisi in neutral zone.
14:05 of 3rd period - Shot by Jack Eichel.
14:05 of 3rd period - Shot Misses the Net.
14:07 of 3rd period - Shot by Matt Greene.
14:07 of 3rd period - Stopped by Petr Mrazek without a rebound.
14:08 of 3rd period - Ryan Hartman wins face-off versus Lars Eller in NASHVILLE zone.
14:58 of 3rd period - T.J. Galiardi is hit by Zach Hyman and loses puck.
15:18 of 3rd period - Shot by Chris Wideman.
15:18 of 3rd period - Stopped by Petr Mrazek without a rebound.
15:19 of 3rd period - Henrik Zetterberg wins face-off versus Dwight King in NASHVILLE zone.
15:35 of 3rd period - Jack Eichel is hit by Rasmus Ristolainen and loses puck.
15:42 of 3rd period - Shot by Henrik Zetterberg.
15:42 of 3rd period - Stopped by Petr Mrazek without a rebound.
15:43 of 3rd period - Tyler Gaudet wins face-off versus Joseph Blandisi in NASHVILLE zone.
15:53 of 3rd period - Icing by Danny DeKeyser.
15:54 of 3rd period - Joseph Blandisi wins face-off versus Chris Higgins in NASHVILLE zone.
15:59 of 3rd period - Shot by John Moore.
15:59 of 3rd period - Stopped by Petr Mrazek with a rebound.
16:01 of 3rd period - Shot by John Moore.
16:01 of 3rd period - Shot Misses the Net.
16:02 of 3rd period - Minor Penalty to Niklas Kronwall for Tripping.
16:03 of 3rd period - Oscar Lindberg wins face-off versus Henrik Zetterberg in NASHVILLE zone.
16:28 of 3rd period - Shot by Henrik Zetterberg.
16:28 of 3rd period - Shot Blocked by Rasmus Ristolainen.
16:30 of 3rd period - Shot by John Moore.
16:30 of 3rd period - Goal by John Moore - NASHVILLE : 5 - PITTSBURGH : 2.
16:31 of 3rd period - Joseph Blandisi wins face-off versus Brandon Tanev in neutral zone.
16:35 of 3rd period - Danny DeKeyser is hit by David Schlemko and loses puck.
16:48 of 3rd period - Shot by Andrei Markov.
16:48 of 3rd period - Stopped by Petr Mrazek without a rebound.
16:49 of 3rd period - Oscar Lindberg wins face-off versus Henrik Zetterberg in NASHVILLE zone.
16:49 of 3rd period - Oscar Lindberg is hit by Henrik Zetterberg.
17:28 of 3rd period - Shot by Brandon Pirri.
17:28 of 3rd period - Stopped by Petr Mrazek without a rebound.
17:29 of 3rd period - A.J. Greer wins face-off versus Lars Eller in NASHVILLE zone.
17:54 of 3rd period - Shot by Alan Quine.
17:54 of 3rd period - Shot Misses the Net.
17:56 of 3rd period - Shot by Zach Hyman.
17:56 of 3rd period - Shot Blocked by John Moore.
18:42 of 3rd period - Shot by J.T. Compher.
18:42 of 3rd period - Shot Misses the Net.
19:50 of 3rd period - Shot by Jimmy Vesey.
19:50 of 3rd period - Shot Misses the Net.
19:52 of 3rd period - Shot by Rasmus Ristolainen.
19:52 of 3rd period - Shot Misses the Net.
19:54 of 3rd period - Shot by Morgan Rielly.
19:54 of 3rd period - Stopped by Michael Leighton without a rebound.
19:55 of 3rd period - Lars Eller wins face-off versus Tyler Gaudet in PITTSBURGH zone.
Goals for this period are 2 for NASHVILLE vs 1 for PITTSBURGH.
Shots for this period are 10 for NASHVILLE vs 9 for PITTSBURGH.